Cogmind - Beta 13 @@@ ROGUE MODE // 2024.05.14 @ 13:04:18 Player: Wyvric Result: Destroyed by D-53 Grenadier with Mini Grenade Launcher Performance ------------- Evolutions (0) 0 Regions Visited (2) 400 Robots Destroyed (31) 155 Value Destroyed (700) 700 Prototype IDs (4) 80 Alien Tech Used (0) 0 Bonus (0) 0 TOTAL SCORE: 1335 Bonus ------- None Cogmind --------- Core Integrity 0/250 Matter 300/300 Energy 100/100 System Corruption 0% Temperature Cool (0) Movement Treading (240) Ox1 Location -10/Mines Parts ------- > --- POWER (1) -------- (None) > --- PROPULSION (2) --- Light Treads Light Treads > --- UTILITY (2) ------ High-capacity Storage Unit > --- WEAPON (2) ------- Beam Cannon Light Cannon > --- INVENTORY (20) --- Ion Engine Ion Engine Light Ion Engine Light Treads Light Treads Light Treads Compact Wheel Compact Wheel Improved Heat Sink High-capacity Matter Pod (200) Signal Interpreter Weapon Shielding Light Armor Plating EM Pulse Gun Small Laser Beam Cannon Assault Rifle Light Assault Rifle Light Assault Rifle Datajack Peak State ------------ > --- POWER ------------ Ion Engine > --- PROPULSION ------- Light Treads Light Treads > --- UTILITY ---------- Improved Heat Sink High-capacity Storage Unit > --- WEAPON ----------- Beam Cannon Light Cannon > --- INVENTORY -------- Ion Engine Ion Engine Light Ion Engine Light Treads Light Treads Light Treads Light Treads Wheel Compact Wheel Compact Wheel Signal Interpreter Seismic Detector Transport Network Coupler ECM Suite Weapon Shielding Weapon Shielding Light Armor Plating EM Pulse Gun Beam Cannon Light Assault Rifle [Rating: 11] Favorites ----------- Power Ion Engine Engine Ion Engine Propulsion Light Treads Treads Light Treads Leg Aluminum Leg Utility High-capacity Storage Unit Device Improved Heat Sink Storage High-capacity Storage Unit Protection Weapon Shielding Weapon Assault Rifle Energy Cannon Beam Cannon Ballistic Gun Assault Rifle Ballistic Cannon Light Cannon Build | -11 -10 -10 ------- Run | Yrd Mat Min Slots Evolved . | . . . Power . | . . . Propulsion . | . . . Utility . | . . . Weapon . | . . . Parts Attached 16 | 6 8 2 Power 1 | 1 . . Engine 1 | 1 . . Core . | . . . Reactor . | . . . Propulsion 5 | 2 2 1 Treads 3 | . 2 1 Leg 2 | 2 . . Wheel . | . . . Hover . | . . . Flight . | . . . Utility 6 | 1 4 1 Device 1 | . 1 . Storage 2 | 1 1 . Processor . | . . . Hackware . | . . . Protection 3 | . 2 1 Artifact . | . . . Weapon 4 | 2 2 . Energy Gun . | . . . Energy Cannon 1 | . 1 . Ballistic Gun 2 | 2 . . Ballistic Cannon 1 | . 1 . Launcher . | . . . Special Weapon . | . . . Impact Weapon . | . . . Slashing Weapon . | . . . Piercing Weapon . | . . . Special Melee Weapon . | . . . Unidentified Prototypes . | . . . Parts Lost 7 | . 4 3 Power 1 | . . 1 Propulsion 2 | . 1 1 Utility 2 | . 1 1 Weapon 2 | . 2 . Highest Loss Streak 2 | . 2 2 To Critical Strikes . | . . . Average Slot Usage (%) 98 | . 97 100 Engine 14 | . 14 14 Treads 19 | . 14 28 Leg 8 | . 13 . Device 7 | . 4 13 Storage 14 | . 14 14 Protection 4 | . 7 . Energy Cannon 7 | . 4 14 Ballistic Gun 12 | . 18 . Ballistic Cannon 7 | . 4 14 Naked Turns . | . . . Heaviest Build 54 | 14 54 54 Greatest Support 40 | 20 40 40 Greatest Overweight (x) 2 | 1 2 2 Average Overweight (x) 1 | . 1 1 Largest Inventory Capacity 20 | 8 20 20 Average Capacity 19 | 6 19 20 Most Carried 20 | 8 20 20 Average Carried 16 | 5 15 19 Final Capacity 20 | 8 20 20 Final Carried 20 | 6 20 20 Class Distribution -------------------- 100% | Mutant Dominant Class ---------------- Mutant | -10/Materials Mutant | -10/Mines Resources | -11 -10 -10 ----------- Run | Yrd Mat Min Matter Collected 695 | 185 424 86 Remotely . | . . . Salvage Created 903 | . 727 176 Parts 64 | . 46 18 Haulers Intercepted 2 | . 2 . Recyclers Shooed . | . . . Parts Field Recycled . | . . . Retrieved Matter . | . . . Parts Self-Destructed . | . . . Prevented . | . . . Kills | -11 -10 -10 ------- Run | Yrd Mat Min Combat Hostiles Destroyed 24 | . 16 8 Guns 10 | . 10 . Cannons 14 | . 6 8 Classes Destroyed 6 | . 5 1 Worker 2 | . . 2 Hauler 2 | . 2 . Operator 1 | . 1 . Watcher 2 | . 2 . Swarmer 9 | . 3 6 Grunt 15 | . 13 2 Best Kill Streak 6 | . 6 4 Combat Bots Only 6 | . 6 3 Max Kills in Single Turn 2 | . 1 2 Gunslinging . | . . . Exploded . | . . . Melee . | . . . Uniques/NPCs Destroyed . | . . . Combat | -11 -10 -10 -------- Run | Yrd Mat Min Hostile Shots Fired 150 | . 106 44 Missed 51 | . 34 17 Damage Taken 1306 | . 798 508 Core 286 | . 96 190 Absorbed by Shields . | . . . Redirected to Shielding 84 | . 84 . Core Remaining (%) 100 | 100 . . Volleys Fired 71 | . 55 16 Largest 2 | . 2 2 Hottest 95 | . 95 95 Shots Fired 142 | . 110 32 Gun 79 | . 79 . Cannon 63 | . 31 32 Launcher . | . . . Special . | . . . Kinetic 111 | . 95 16 Thermal 31 | . 15 16 Explosive . | . . . Electromagnetic . | . . . Robot Hit Streak 11 | . 11 3 Robot Miss Streak 3 | . 3 3 Penetration Max . | . . . Secondary Targets 3 | . 3 . Max Gunslinging Chain 1 | . 1 . Shots Hit Robots 82 | . 68 14 Core Hits 42 | . 31 11 Critical Kills 1 | . 1 . Critical Parts Destroyed . | . . . Critical Strikes 3 | . 3 . Meltdown 1 | . 1 . Blast 2 | . 2 . Melee Attacks . | . . . Impact . | . . . Slashing . | . . . Piercing . | . . . Sneak Attacks . | . . . Combat Hostiles . | . . . Follow-up Attacks . | . . . Damage Inflicted 1258 | . 954 304 Guns 661 | . 661 . Cannons 597 | . 293 304 Explosions . | . . . Melee . | . . . Ramming . | . . . Kinetic 942 | . 777 165 Thermal 316 | . 177 139 Explosive . | . . . Electromagnetic . | . . . Impact . | . . . Slashing . | . . . Piercing . | . . . Highest Corruption . | . . . Average Corruption . | . . . Corruption Purged . | . . . Corruption Blocked . | . . . Overload Shots . | . . . Overflow Damage . | . . . Projectiles . | . . . Explosions . | . . . Melee . | . . . Knockbacks 3 | . 3 . Impact . | . . . Kinetic 2 | . 2 . Secondary 1 | . 1 . Self-Inflicted Damage . | . . . Shots . | . . . Rammed . | . . . Targets Rammed . | . . . Kicked . | . . . Crushed . | . . . Highest Temperature 205 | . 205 6 Average Temperature 77 | . 82 4 Received Heat Transfer 387 | . 363 24 Siege Activations . | . . . Robots Corrupted . | . . . Combat Hostiles . | . . . Parts Fried . | . . . Impact Corruptions . | . . . Robots Melted 1 | . 1 . Combat Hostiles . | . . . Parts Melted 4 | . 3 1 Heat Transferred 666 | . 370 296 Parts Sabotaged . | . . . Parts Stolen . | . . . Parts Stripped . | . . . Power Chain Reactions . | . . . Alert | -11 -10 -10 ------- Run | Yrd Mat Min Peak Influence 310 | . 310 165 Initial 75 | . . 75 Average 85 | . 102 59 Maximum Alert Level 1 | . 1 . Low Security (%) 84 | 100 75 100 Level 1 15 | . 24 . Level 2 . | . . . Level 3 . | . . . Level 4 . | . . . Level 5 . | . . . High Security . | . . . Max Security . | . . . Squads Dispatched 4 | . 4 . Investigation 3 | . 3 . Extermination . | . . . Reinforcement 1 | . 1 . Assault . | . . . Garrison . | . . . Intercept . | . . . Searches Triggered . | . . . Construction Impeded . | . . . Haulers Reinforced . | . . . Active Scanning Responses . | . . . Cargo Convoy Interrupts . | . . . Stealth | -11 -10 -10 --------- Run | Yrd Mat Min Distress Signals . | . . . Communications Jammed . | . . . Distress Signals . | . . . Times Spotted 36 | . 26 10 Peak Tracking Total 9 | . 9 3 Tactical Retreats 2 | . 2 . Traps | -11 -10 -10 ------- Run | Yrd Mat Min Traps Triggered 2 | . 2 . Indirectly . | . . . Trap Hack Attempts . | . . . Triggered . | . . . Disarmed . | . . . Reprogrammed . | . . . Reused . | . . . Traps Extracted . | . . . Installed . | . . . Triggered . | . . . Machines | -11 -10 -10 ---------- Run | Yrd Mat Min Machines Disabled 2 | . 1 1 Max in Single Turn 1 | . 1 1 Machines Repaired . | . . . Machines Dismantled . | . . . Machines Sabotaged . | . . . Overloaded Fab Kills . | . . . Hacking | -11 -10 -10 --------- Run | Yrd Mat Min Machines Accessed 8 | . 8 . Terminals 6 | . 6 . Fabricators . | . . . Repair Stations . | . . . Recycling Units 2 | . 2 . Scanalyzers . | . . . Garrison Access . | . . . Total Hacks 26 | . 26 . Successful 9 | . 9 . Failed 16 | . 16 . Catastrophic 4 | . 4 . Database Lockouts 1 | . 1 . Manual 23 | . 23 . Terminals 24 | . 24 . Fabricators . | . . . Repair Stations . | . . . Recycling Units 2 | . 2 . Scanalyzers . | . . . Garrison Access . | . . . Terminal Hacks 7 | . 7 . Robot Analysis 4 | . 4 . Prototype ID Bank 3 | . 3 . Fabricator Hacks . | . . . Repair Station Hacks . | . . . Recycling Unit Hacks . | . . . Scanalyzer . | . . . Garrison Access Hacks . | . . . Unauthorized Hacks 2 | . 2 . Terminals . | . . . Fabricators . | . . . Repair Stations . | . . . Recycling Units 2 | . 2 . Tunnel 2 | . 2 . Scanalyzers . | . . . Garrison Access . | . . . Data Cores Recovered 1 | . 1 . Used . | . . . Hacking Detections 6 | . 6 . Full Trace Events 1 | . 1 . Feedback Events . | . . . Feedback Blocked . | . . . Robot Schematics Acquired . | . . . Robots Built . | . . . Authchips . | . . . Time . | . . . Total Robot Build Rating . | . . . Part Schematics Acquired . | . . . Parts Built . | . . . Authchips . | . . . Time . | . . . Total Part Build Rating . | . . . Parts Repaired . | . . . Time . | . . . Parts Recycled . | . . . Recycled Matter . | . . . Retrieved Matter . | . . . Retrieved Components . | . . . Parts Scanalyzed . | . . . Part Schematics Acquired . | . . . Parts Damaged . | . . . Bothacking | -11 -10 -10 ------------ Run | Yrd Mat Min Used RIF Installer . | . . . Robots Hacked . | . . . Non-combat . | . . . Combat . | . . . Robot Hacks Applied . | . . . Relay Couplers Released . | . . . Fabnet Peak Effective % . | . . . Robots Rewired . | . . . Allies Hacked . | . . . Hacks Repelled . | . . . Allies | -11 -10 -10 -------- Run | Yrd Mat Min Total Allies . | . . . Largest Group . | . . . Highest-Rated Group . | . . . Highest-Rated Ally . | . . . Total Orders . | . . . Ally Attacks . | . . . Total Damage . | . . . Kills . | . . . Allies Corrupted . | . . . Allies Melted . | . . . Intel | -11 -10 -10 ------- Run | Yrd Mat Min Robot Analysis Total 4 | . 4 . Derelict Logs Recovered . | . . . Drone Launches . | . . . Drone Recoveries . | . . . Exploration | -11 -10 -10 ------------- Run | Yrd Mat Min Turns Passed 2696 | 74 1715 907 Spaces Moved 997 | 54 604 339 Core 10 | 10 . . Treads 668 | . 329 339 Legs 319 | 44 275 . Wheels . | . . . Hover . | . . . Flight . | . . . Fastest Speed 50 | 50 120 240 Average Speed 239 | 108 247 247 Slowest Speed 320 | 120 260 320 Overloaded Moves . | . . . Propulsion Burnouts . | . . . Robots Hopped . | . . . Cave-ins Triggered . | . . . Exploration Rate (%) 58 | 4 93 77 Regions Visited 2 Branch Regions 1 Pre-discovered Areas 2 | . 2 . Known Exits Taken . | . . . Unknown Exits Taken 2 | 1 1 . Scrap Searched . | . . . Spaces Dug . | . . . Terrain Destroyed . | . . . Melee . | . . . Projectile . | . . . AOE . | . . . Terrain Rammed . | . . . Walls Destroyed . | . . . Machines Disabled . | . . . Actions | -11 -10 -10 --------- Run | Yrd Mat Min Total 1161 | 67 718 376 Wait 36 | . 24 12 Move 995 | 53 603 339 Hop . | . . . Pick Up 35 | 8 23 4 Fast Attach 5 | 4 1 . Attach 9 | 2 6 1 Detach . | . . . Swap 2 | . 1 1 Drop 8 | . 5 3 Fire 71 | . 55 16 Melee . | . . . Ram . | . . . Kick . | . . . Crush . | . . . Escape Stasis . | . . . Rewire . | . . . Trap . | . . . Miscellaneous . | . . . Route ------- -11/Scrapyard -10/Materials (discovered 4 exits: [*Mat x3] / [*Min]) -10/Mines (discovered 2 exits: [*Mat x2]) History --------- Turn | Location | Event 7 | -11/Scrapyard | Discovered new exit (range 16) 75 | -11/Scrapyard | Entered Materials 304 | -10/Materials | Discovered new exit (range 6) 306 | -10/Materials | Build established: Mutant 415 | -10/Materials | Discovered new exit (range 12) 574 | -10/Materials | Discovered new exit (range 15) 1216 | -10/Materials | Discovered new exit (range 5) 1366 | -10/Materials | Central database locked down 1790 | -10/Materials | Entered Mines 1795 | -10/Mines | Met a Derelict bent on vengeance 1859 | -10/Mines | Deemed a non-threat by the Exiles lab entrance 2176 | -10/Mines | Core integrity fell below 50% 2270 | -10/Mines | Discovered new exit (range 10) 2572 | -10/Mines | Discovered new exit (range 6) 2674 | -10/Mines | Assembled infested the area 2694 | -10/Mines | Core integrity fell below 20% 2697 | -10/Mines | Destroyed by D-53 Grenadier with Mini Grenade Launcher Last Messages --------------- 02285_ Acquired 2 matter. 02351_ K-01 Serf collects debris. 02411_ K-01 Serf cleans the Plasma Injector. 02449_ 59-PXH(g): "I WILL HAVE VENGEANCE!" 02454_ 59-PXH(g): "TASTE MY VENGEANCE!" 02572_ EXIT=FOUND 02573_ Lgt. Treads destroyed. 02583_ G-47 Trooper destroyed. 02586_ G-34 Mercenary destroyed. 02589_ Acquired 22 matter. 02624_ Acquired Sml. Laser. 02674_ ALERT: Infestation in the mines, dispatching Demolisher response squad. 02689_ C-30 ARC bursts open, deploying its payload. 02689_ D-53 Grenadier unfolds itself. 02691_ Ion Engine destroyed. 02691_ U-05 Engineer lays Concrete. 02692_ U-05 Engineer destroyed. 02696_ Lgt. Armor Plating destroyed. Map ----- +----------------------------------------------------+ | ## #??????####?# #????????????????????? | | ########????# ##???????????????????? | | #????# #???????????????????? | | #????# #???????????????????? | | ########## #????# #???????????????????? | | ###????????# ###### #???####?????????????? | | ???????????# ##?# ##????????????? | | ???????????## ##### ## #????????????? | | ????????????# #??## #????????????? | | ????????????# #### #?????????????? | | ????????????# ##?????????????? | | ????????????##### ##??????????????? | | ????????????????## ##???????????????? | | ?????????????????## ##????????????????? | | ??????????????????## #?????????????????? | | ???????????????????# #####?????????????? | | ???????????????????## #?????????????? | | ????????????????????## #?????????????? | | ?????????????????????##### ## #??#######????? | | ?????????????????????????# ## #??# #????? | | ??????????????????????#### ## #### #????? | | ????????????????####### ##%%%= #????? | | ????????????????? ##### < #????? | | ???????????????????# #???# #????? | | ??????????????????## d #???# #????? | | ?????????????????## @d #???# #????? | | ????????????###### #???#######????? | | ???????????# ###### #???????? | | ???????????# ##### #???????? | | ?????????????????# #????????? | | ?????????????????## ######????????? | | ??????????????????## ##?????????????? | | ???????????????????###### ###??????????????? | | ????????????????????????####????????????????? | | ????????????????????????????????????????????? | | ????????????????????????????????????????????? | | ????????????????????????????????????????????? | | ????????????????????????????????????????????? | | ????????????????????????????????????????????? | | ????????????????????????????????????????????? | | ????????????????????????????????????????????? | | | | | | | | | | | | | | | | | | | +----------------------------------------------------+ Best States ------------- Heat Dissipation 39 Energy Generation 10 Energy Capacity 250 Matter Stores 300 Matter Capacity 300 Sight Range 16 Terrain Scan Density 10 Armor Coverage 150 Weapon Shielding 33 Evasion (%) 50 Recoil Reduction 2 Item Schematics ----------------- None Robot Schematics ------------------ None Fabricated ------------ Nothing Alien Tech Used ----------------- None Achievements -------------- None Challenges ------------ None Game ------ Seed CoolantBurstInterrupter Manual? 0 Play Time 00:11:37 Cumulative 388.0 hours Start 2024.05.14 @ 12:54:56 End 2024.05.14 @ 13:04:18 Sessions 1 Manual Loads 0 Difficulty Rogue Special Mode None Game No. 101 Rogue 101 Adventurer 0 Explorer 0 Win Type - Total 20 Types 8/3/6/1/1/0/1/0/0 Lore% 61 Gallery% 84 Achievement% 72 Wizard Run 0 Options --------- Layout 1 ASCII 0 Keyboard 0 Movement Numpad Keybinds 0 Fullscreen 1 Font 24/Smallcaps Map View 50x35 Zoom Use 0% Tactical HUD 1 Map Filters NONE Filters NONE Steam 1 RUN: fe93b4a4-6af5-453f-9a06-08fd506e1328